 Dungeon Crawl Stone Soup version 0.32-a0-933-ga8fa3634e4 (webtiles) character file.

Game seed: 7165903830032987060

284336 Ofeo the Slayer (level 20, -1/182 HPs)
             Began as a Coglin Berserker on Apr 14, 2024.
             Was the Champion of Trog.
             Killed from afar by a war gargoyle (10 damage)
             ... with a spray of metal splinters
             ... led by a peacekeeper
             ... on level 1 of the Vaults.
             The game lasted 01:15:27 (45674 turns).

Ofeo the Slayer (Coglin Berserker)                 Turns: 45674, Time: 01:15:27

Health: -1/182     AC: 28    Str: 24    XL:     20   Next: 58%
Magic:  20/20      EV:  9    Int: 14    God:    Trog [******]
Gold:   4146       SH:  0    Dex: 21    Spells: 19/19 levels left

rFire   . . .        T - +5 demon trident (flame) {Navbir}
rCold   + . .        Z - +7 demon trident (flame) {Prasit}
rNeg    . . .        H - +0 plate armour "Fabrovaq" {+Inv Regen+}
rPois   +            G - +1 helmet "Taanwum" {*Corrode rElec Int+8}
rElec   +            (no cloak)
rCorr   +            k - +1 pair of gloves "Bicej" {Dex+2}
SInv    .            v - +1 pair of boots
Will    +++..        (amulet unavailable) Stlth
                     (ring unavailable)
HPRegen 2.30/turn    (ring unavailable)
MPRegen 0.17/turn    V - neodymium encabulator {Rampage Acrobat rPois rCorr Slay+3}

%: corrode self (3%), acrobat, rampage
@: about to teleport, strong-willed, regenerating, revving
A: off-hand wielding, slow wielding, warmup strikes, no jewellery, agile 1, cold
resistance 1, inability to read after injury 1
}: 2/15 runes: decaying, serpentine
a: Renounce Religion, Evoke Invisibility, Berserk, Trog's Hand, Brothers in Arms


You were on level 1 of the Vaults.
You worshipped Trog.
Trog was exalted by your worship.
You visited 6 branches of the dungeon, and saw 32 of its levels.
You also visited: Gauntlet and Desolation.

You collected 4833 gold pieces.
You spent 687 gold pieces at shops.

Inventory:

Hand Weapons
 T - a +5 demon trident of flaming (weapon) {Navbir}
 Z - a +7 demon trident of flaming (offhand) {Prasit}
Missiles
 b - 27 javelins
 c - 6 throwing nets (quivered)
 y - 11 curare-tipped darts
Armour
 k - the +1 pair of gloves "Bicej" (worn) {Dex+2}
   (You found it on level 13 of the Dungeon)

   Dex+2:     It affects your dexterity (+2).
 u - a +1 plate armour of cold resistance
 v - a +1 pair of boots (worn)
 F - +0 fire dragon scales
 G - the +1 helmet "Taanwum" (worn) {*Corrode rElec Int+8}
   (You found it on level 6 of the Dungeon)

   Int+8:     It affects your intelligence (+8).
   rElec:     It insulates you from electricity.
   *Corrode:  It may corrode you when you take damage.
 H - the +0 plate armour "Fabrovaq" (worn) {+Inv Regen+}
   (You found it on level 3 of the Swamp)

   +Inv:      It lets you turn invisible.
   Regen+:    It increases your rate of health regeneration.
Gizmo
 V - a neodymium encabulator (installed) {Rampage Acrobat rPois rCorr Slay+3}
   (You invented it yourself on level 5 of the Lair of Beasts)

   [neodymium encabulator]

   Slay+3:    It affects your accuracy & damage with ranged weapons and melee
   (+3).
   rPois:     It protects you from poison.
   rCorr:     It protects you from acid and corrosion.
   Rampage:   It bestows one free step when moving towards enemies.
   Acrobat:   It increases your evasion after moving or waiting.
Wands
 o - a wand of charming (19)
 t - a wand of flame (25)
 w - a wand of quicksilver (13)
 D - a wand of polymorph (26)
 E - a wand of mindburst (15)
 L - a wand of iceblast (17) {@v4}
 R - a wand of digging (12) {@v1}
Scrolls
 d - a scroll of blinking {@r4}
 f - 11 scrolls of teleportation {@r3}
 g - 4 scrolls of noise
 i - 12 scrolls of identify {@r1}
 n - 3 scrolls of poison
 z - 8 scrolls of enchant armour
 C - 4 scrolls of fog
 J - 4 scrolls of butterflies
 K - 7 scrolls of immolation
 P - 3 scrolls of fear
 Q - a scroll of revelation
 S - 5 scrolls of vulnerability
 W - 2 scrolls of silence
 X - a scroll of brand weapon
Potions
 e - a potion of enlightenment
 h - 2 potions of heal wounds {@q2}
 j - 4 potions of attraction
 l - 5 potions of lignification
 m - 7 potions of might {@q4}
 p - 4 potions of mutation
 q - 8 potions of curing {@q1}
 r - 4 potions of resistance {@q6}
 s - 5 potions of haste {@q3}
 A - 2 potions of ambrosia
 B - 4 potions of cancellation
 I - 2 potions of invisibility
 Y - a potion of magic
Miscellaneous
 a - a phial of floods
 x - a phantom mirror
 M - a box of beasts
 O - a lightning rod (4/4)
 U - a condenser vane


   Skills:
 - Level 22.1 Fighting
 - Level 14.0 Polearms
 + Level 6.1 Throwing
 - Level 20.4 Armour
 - Level 2.9 Dodging
 + Level 13.9 Evocations


You had 19 spell levels left.
You didn't know any spells.
Your spell library was empty.

Dungeon Overview and Level Annotations

Branches:
Dungeon (15/15)            Temple (0/1) D:4            Lair (5/5) D:10
  Swamp (4/4) Lair:2        Snake (4/4) Lair:3        Slime (0/5) Lair:4
    Orc (2/2) D:9             Elf (0/3) Orc:2        Vaults (2/5) D:13
 Depths (0/4) D:15        Desolation (visited)      Gauntlet (visited)
  Crypt: Vaults:2-3

Altars:
Dithmenos
Gozag
Kikubaaqudgha
Makhleb
Okawaru
Ru
Trog
Uskayaw
Wu Jian
Xom
The Shining One
Beogh

Shops:
D:3 (   D:5 *   D:10 (   Orc:2 :??[

Annotations:
Snake:4 1 runed translucent door, Livid's ghost, adept FoFi


Innate Abilities, Weirdness & Mutations

You can wield a second weapon in your off-hand.
It takes a long time for you to wield or remove held weapons.
Your first few attacks do less damage.
You cannot equip rings or amulets.
You are agile. (Dex +4, Str/Int -1)
Your flesh is cold resistant. (rC+)
You occasionally lose the ability to read scrolls when taking damage.


Message History

* * * LOW HITPOINT WARNING * * *
You take 20 damage, and have 41/182 hp.
Okay, then.
You regained 2 hp, and now have 43/182 hp.
The war gargoyle hits you but does no damage.
There is a stone staircase leading up here.
You regained 3 hp, and now have 46/182 hp.
The war gargoyle hits you with a +2 dire flail of venom!!
* * * LOW HITPOINT WARNING * * *
You climb upwards.
There is a stone staircase leading down here.
You take 13 damage, and have 33/182 hp.
There's nothing to close nearby.
Aiming: Charm
Press: ? - help, Shift-Dir - straight line, f - war gargoyle
Aim: a war gargoyle, wielding a +2 dire flail of venom (moderately damaged, chance to affect: 14%)
Okay, then.
Saving game... please wait.
Welcome back, Ofeo the Coglin Berserker.
Trog says: Kill them all!
Press ? for a list of commands and other information.
Okay, then.
As you read the scroll of teleportation {@r3}, it crumbles to dust.
You feel strangely unstable.
The war gargoyle hits you with a +2 dire flail of venom.
* * * LOW HITPOINT WARNING * * *
You are poisoned.
The war gargoyle hits you with a +2 dire flail of venom.
* * * LOW HITPOINT WARNING * * *
You take 2 damage, and have 31/182 hp.
You feel very sick.
The war gargoyle attacks as it pursues you!
The war gargoyle hits you with a +2 dire flail of venom!!
* * * LOW HITPOINT WARNING * * *
You are lethally poisoned!
You take 30 damage, and have 1/182 hp.
You feel better.
The war gargoyle launches metal splinters at you.
The spray of metal splinters hits you!
You die...

#.#....÷÷.#.........##########
#.'.......#..)......##........
#.#.......#.......).##........
#.#.......#.........##..######
#.#.......############..#.#.'.
#.#####'##############..#'#'##
#.# #......#.........#..#.')[.
#.# #......#.........#..###'##
#.# #......'.@9...[..#..#.'.'.
#.# #......#.........[..###'##
#.# #......#.........#[.....∩.
#.# #......+.........#........
#.# #[.....+.........#########
#.# #......+.........# #.#
#......#.........# #.#
#......########### #.#
########


You could see a war gargoyle (catching breath).

Vanquished Creatures
  Saint Roka (Vaults:1)
  Mlioglotl (Snake:3)
  Jorgrun (Snake:1)
  Asterion (Snake:4)
  A sphinx (Vaults:2)
  3 thorn hunters
  Roxanne (Snake:3)
  Agnes (D:14)
  A fire giant (Vaults:1)
  Aizul (Snake:3)
  7 nagarajas
  Louise (D:15)
  An imperial myrmidon (Desolation)
  3 vault wardens (Vaults:1)
  8 ironbound preservers (Vaults:1)
  A ghoul (Swamp:2)
  2 formless jellyfish (Vaults:1)
  2 deep elf death magi (Vaults:1)
  4 halazid warlocks (Desolation)
  A minotaur (Gauntlet)
  6 eleionomae
  A dire elephant (Lair:5)
  A bunyip (Swamp:2)
  3 ettins
  Josephine (Lair:5)
  2 fire dragons
  4 shambling mangroves
  A great orb of eyes (Vaults:2)
  A yaktaur captain (Vaults:1)
  9 ragged hierophants (Desolation)
  3 vault guards (D:13)
  9 servants of whispers (Desolation)
  24 hydras
  8 peacekeepers
  8 anacondas
  2 ghost crabs
  An ogre mage (D:10)
  An ironbound frostheart (Vaults:1)
  2 salamander tyrants
  2 catoblepae
  Erica (D:10)
  7 centaur warriors
  A two-headed ogre (D:8)
  9 alligators
  3 tengu warriors (D:15)
  6 orc high priests
  16 naga warriors
  5 boulder beetles
  Urug (D:13)
  A hell hog (Lair:5)
  A demonic crawler (Lair:2)
  11 naga sharpshooters
  10 shock serpents
  6 skeletal warriors
  6 salamander mystics
  2 skysharks (Lair:2)
  A sixfirhy (Gauntlet)
  2 goliath frogs
  An arcanist (D:13)
  9 mana vipers
  33 deep trolls
  10 swamp dragons
  4 bog bodies
  6 naga ritualists
  3 spriggan druids
  3 deep elf pyromancers
  8 ironbound convokers
  7 orc knights
  5 lindwurms (Vaults:1)
  6 necromancers
  A stone giant zombie (Vaults:2)
  A harpy (shapeshifter) (D:15)
  6 harpies
  17 salamanders
  2 manticores
  5 orc sorcerers (Orc:2)
  6 cyclopes
  Maurice (Orc:2)
  4 will-o-the-wisps
  A meliai (D:13)
  20 ugly things
  3 kobold blastminers
  8 slime creatures
  25 black mambas
  2 molten gargoyles (Desolation)
  3 vault sentinels (Vaults:1)
  4 elephants (Lair:1)
  7 guardian serpents
  13 cane toads
  A minotaur zombie (Gauntlet)
  22 naga magi
  3 gargoyles
  2 unseen horrors (D:13)
  10 komodo dragons
  A freezing wraith (D:9)
  2 tengu conjurers (D:15)
  3 rime drakes
  12 yaktaurs
  5 trolls
  7 tyrant leeches
  10 polar bears
  A tarantella (shapeshifter) (D:13)
  Prince Ribbit (D:9)
  14 hornets
  3 raiju (Lair:5)
  70 saltlings (Desolation)
  5 dream sheep (Lair:3)
  A glass eye (Gauntlet)
  8 blink frogs
  A culicivora (shapeshifter) (D:14)
  A shadow (D:9)
  4 wraiths
  2 wyverns
  7 spriggans
  53 yaks
  5 wargs
  18 humans (D:13)
  9 basilisks
  11 vampire mosquitoes
  5 steam dragons
  Eustachio (D:6)
  13 swamp worms
  43 nagas
  An acid dragon (D:9)
  18 water moccasins
  8 swamp drakes
  14 hell hounds (Lair:5)
  14 orc warriors
  2 ice beasts (D:6)
  A sky beast (D:6)
  A tengu (D:9)
  14 black bears
  4 laughing skulls
  5 ogres
  25 wolves
  23 centaurs
  7 kobold brigands
  15 bullfrogs
  2 gnoll sergeants
  6 scorpions
  6 wights
  6 killer bees
  3 vampire bats (D:4)
  2 electric eels (Lair:1)
  3 howler monkeys (D:9)
  8 jellies
  2 bombardier beetles
  4 hounds
  24 orc priests
  2 gnoll boudas
  A sleepcap (D:6)
  Terence (D:2)
  Natasha (twice) (D:2)
  5 iguanas
  28 orc wizards
  Robin (D:2)
  15 gnolls
  9 adders
  4 shadow imps
  A white imp (Gauntlet)
  4 ufetubi (Gauntlet)
  4 dart slugs
  3 ribbon worms
  50 orcs
  4 bats
  A bat skeleton (D:4)
  4 bat zombies (D:4)
  4 endoplasms
  11 hobgoblins
  3 jackals (D:1)
  5 quokkas
  2 ball pythons
  9 frilled lizards
  19 goblins
  18 kobolds
  7 rats
  A spectral weapon (D:14)
1234 creatures vanquished.

Vanquished Creatures (collateral kills)
  Bai Suzhen (Snake:4)
  A bunyip (Swamp:1)
  A spriggan druid (Swamp:1)
  A skeletal warrior (D:13)
  A swamp dragon (Swamp:1)
  A bog body (Swamp:1)
  Psyche (D:10)
  A tyrant leech (Swamp:1)
  4 hornets (Swamp:1)
  4 spriggans (Swamp:1)
  4 vampire mosquitoes (Swamp:1)
  A yak (Lair:1)
  A water moccasin (D:10)
  An orc warrior (D:10)
  A scorpion (D:10)
  An iguana (D:10)
  An orc wizard (D:10)
  An orc (D:10)
27 creatures vanquished.

Vanquished Creatures (others)
  An alligator (Swamp:4)
  3 bloated husks
  A tyrant leech (Swamp:1)
  2 vampire mosquitoes (D:13)
  A water moccasin zombie (Lair:1)
  A wight (D:8)
  15 foxfires
24 creatures vanquished.

Grand Total: 1285 creatures vanquished

Notes
Turn   | Place    | Note
-------+----------+-------------------------------------------
     0 | D:1      | Ofeo the Coglin Berserker began the quest for the Orb.
     0 | D:1      | Reached XP level 1. HP: 18/18 MP: 1/1
   109 | D:1      | Reached XP level 2. HP: 22/24 MP: 2/2
   390 | D:1      | Found a faded altar of an unknown god.
   971 | D:2      | Reached XP level 3. HP: 29/29 MP: 3/3
  1318 | D:2      | Noticed Natasha
  1325 | D:2      | Killed Natasha
  1326 | D:2      | Reached XP level 4. HP: 18/36 MP: 4/4
  1492 | D:2      | Reached ** piety under Trog
  1548 | D:2      | Noticed Robin
  1557 | D:2      | Killed Robin
  1615 | D:2      | Noticed Terence
  1627 | D:2      | Killed Terence
  1628 | D:2      | Reached XP level 5. HP: 19/42 MP: 5/5
  2128 | D:2      | Noticed Natasha
  2134 | D:2      | Killed Natasha
  2327 | D:3      | Found a burning altar of Makhleb.
  2396 | D:3      | Reached skill level 4 in Fighting
  2452 | D:3      | Found Feuwn's Antique Weapon Shoppe.
  2991 | D:3      | Reached *** piety under Trog
  3293 | D:3      | Reached XP level 6. HP: 48/48 MP: 6/6
  3395 | D:4      | Found an opulent altar of Gozag.
  3557 | D:4      | Reached skill level 5 in Polearms
  3855 | D:4      | Reached XP level 7. HP: 42/54 MP: 7/7
  3955 | D:4      | Found a staircase to the Ecumenical Temple.
  4374 | D:4      | Found an ancient bone altar of Kikubaaqudgha.
  4461 | D:5      | Entered Level 5 of the Dungeon
  4572 | D:5      | Reached **** piety under Trog
  4763 | D:3      | Bought a warped trident for 187 gold pieces
  4763 | D:3      | Identified the +4 trident "Junuemer" {chaos, Str+2} (You
                  | bought it in a shop on level 3 of the Dungeon)
  5172 | D:5      | Noticed a yak
  5172 | D:5      | Noticed a yak
  5172 | D:5      | Noticed a yak
  5176 | D:5      | Killed a yak
  5177 | D:5      | Reached XP level 8. HP: 60/60 MP: 8/8
  5191 | D:5      | Killed a yak
  5193 | D:5      | Killed a yak
  5329 | D:5      | Found Xiahut's Assorted Antiques.
  5334 | D:5      | Bought a scroll labelled WODDIO NOLOE for 27 gold pieces
  5334 | D:5      | Bought a short gold wand for 108 gold pieces
  5334 | D:5      | Bought a sedimented clear potion for 24 gold pieces
  6264 | D:5      | Bought a sedimented clear potion for 24 gold pieces
  6647 | D:6      | Noticed Eustachio
  6652 | D:6      | Killed Eustachio
  6660 | D:6      | Reached XP level 9. HP: 62/65 MP: 9/9
  6694 | D:6      | Reached skill level 10 in Polearms
  7112 | D:6      | Identified the +1 helmet "Taanwum" {*Corrode rElec Int+8}
  7261 | D:6      | Found an iron altar of Okawaru.
  7261 | D:6      | Found a shimmering altar of Xom.
  7903 | D:7      | Found a shadowy altar of Dithmenos.
  9356 | D:8      | Reached XP level 10. HP: 71/71 MP: 10/10
  9425 | D:8      | Reached ***** piety under Trog
  9460 | D:8      | Noticed a two-headed ogre
  9479 | D:8      | Killed a two-headed ogre
  9919 | D:9      | Noticed a gargoyle
  9919 | D:9      | Found a staircase to the Orcish Mines.
 10473 | D:9      | Reached skill level 1 in Evocations
 10601 | D:9      | Killed a gargoyle
 10628 | D:9      | Noticed Prince Ribbit
 10647 | D:9      | Killed Prince Ribbit
 10719 | D:9      | Reached skill level 5 in Evocations
 10719 | D:9      | Reached XP level 11. HP: 75/77 MP: 11/11
 10767 | D:9      | Noticed a skeletal warrior
 10778 | D:9      | Killed a skeletal warrior
 11771 | D:9      | HP: 3/112 [orc warrior/+0 glaive (18)]
 11803 | D:9      | Noticed a cyclops
 12130 | D:9      | Killed a cyclops
 12219 | D:9      | Found a bloodstained altar of Trog.
 12537 | D:9      | Reached skill level 10 in Evocations
 12625 | D:9      | Identified a scroll of acquirement
 12626 | D:9      | Acquired 1091 gold pieces
 12644 | D:10     | Entered Level 10 of the Dungeon
 12651 | D:10     | Noticed Erica
 12652 | D:10     | Found a staircase to the Lair.
 13103 | Orc:1    | Entered Level 1 of the Orcish Mines
 13119 | D:10     | Paralysed by a hornet for 3 turns
 13125 | D:10     | Paralysed by a hornet for 2 turns
 13126 | D:10     | Received a gift from Trog
 13326 | D:10     | Noticed Psyche
 13330 | D:10     | Killed Psyche
 13451 | D:10     | Killed Erica
 13452 | D:10     | Reached skill level 5 in Fighting
 13651 | D:10     | Found Idalom's Weapon Shoppe.
 13651 | D:10     | Noticed a +0 giant club
 13653 | D:10     | Noticed a +0 demon whip
 13827 | D:10     | Noticed an ogre mage
 13832 | D:10     | Killed an ogre mage
 14197 | D:11     | Reached skill level 6 in Fighting
 14197 | D:11     | Reached skill level 5 in Armour
 14197 | D:11     | Reached XP level 12. HP: 83/88 MP: 12/12
 14894 | D:11     | Noticed a boulder beetle
 14905 | D:11     | Killed a boulder beetle
 15341 | D:12     | Noticed a boulder beetle
 15350 | D:12     | Killed a boulder beetle
 15351 | D:12     | Reached skill level 7 in Fighting
 15847 | D:12     | Reached skill level 8 in Fighting
 16115 | D:12     | Noticed a two-headed ogre
 16117 | D:12     | a two-headed ogre changed into a deep troll
 16243 | D:12     | You fall into a shaft and drop 2 floors!
 16414 | D:14     | Noticed a centaur warrior
 16421 | D:14     | Noticed Agnes
 16431 | D:14     | Killed Agnes
 16632 | D:14     | Noticed a centaur warrior
 16639 | D:14     | Killed a centaur warrior
 16640 | D:14     | Reached skill level 9 in Fighting
 16770 | D:14     | Killed a centaur warrior
 16804 | D:13     | Noticed a catoblepas
 16841 | D:13     | Reached XP level 13. HP: 44/101 MP: 13/13
 16865 | D:13     | Reached skill level 10 in Fighting
 16884 | D:13     | Noticed Urug
 16893 | D:13     | Killed Urug
 16930 | D:13     | Gained mutation: Your flesh is cold resistant. (rC+)
                  | [potion of mutation]
 16930 | D:13     | Gained mutation: You are agile. (Dex +4, Str/Int -1)
                  | [potion of mutation]
 16978 | D:13     | Identified the +1 dagger of Famine {heavy, Will+ Str+3}
 17028 | D:13     | Found a sacrificial altar of Ru.
 17124 | D:13     | Reached skill level 11 in Fighting
 17156 | D:13     | Reached skill level 10 in Armour
 17185 | D:13     | Identified the +2 war axe "Koytimi" {freeze, rElec Will++
                  | Str-4 Int+3}
 17200 | D:13     | Found a gate leading to a gauntlet.
 17214 | Gauntlet | Entered a Gauntlet
 17214 | Gauntlet | Found a transporter.
 17214 | Gauntlet | Found a transporter.
 17215 | Gauntlet | Found a transporter.
 17473 | Gauntlet | Found a transporter.
 17475 | Gauntlet | Found a transporter.
 17476 | Gauntlet | Found a transporter.
 17484 | Gauntlet | Found a transporter.
 17485 | Gauntlet | Found a transporter.
 17486 | Gauntlet | Found a transporter.
 17487 | Gauntlet | Found a transporter.
 17497 | Gauntlet | Found a transporter.
 17503 | Gauntlet | Found a transporter.
 17668 | Gauntlet | Identified the ring "Buudgh" {rPois Will+ Str+2}
 17780 | Gauntlet | Noticed a minotaur
 17788 | Gauntlet | Killed a minotaur
 18550 | D:13     | Reached skill level 12 in Fighting
 18661 | Lair:1   | Entered Level 1 of the Lair of Beasts
 18752 | Lair:1   | Reached XP level 14. HP: 89/115 MP: 14/14
 19905 | Lair:2   | Noticed an eleionoma
 20230 | Lair:2   | Reached skill level 13 in Fighting
 20427 | Lair:2   | Found a staircase to the Swamp.
 20436 | Lair:2   | Killed an eleionoma
 21350 | Lair:2   | Received a gift from Trog
 21925 | Lair:3   | Found a staircase to the Snake Pit.
 23276 | Lair:4   | Found a staircase to the Slime Pits.
 23743 | Lair:4   | Reached skill level 14 in Fighting
 24403 | Lair:5   | Entered Level 5 of the Lair of Beasts
 24405 | Lair:5   | Noticed Josephine
 24418 | Lair:5   | Killed Josephine
 24432 | Lair:5   | Reached XP level 15. HP: 114/126 MP: 15/15
 25235 | Lair:5   | Received a gift from Trog
 25236 | Lair:5   | Found a hide-covered altar of Uskayaw.
 25243 | Lair:5   | Found an ornate altar of the Wu Jian Council.
 25314 | Lair:5   | Identified the +3 ring mail "Mextefud" {Rampage Will+
                  | Int+3}
 25810 | Lair:5   | Reached skill level 15 in Fighting
 25909 | Lair:5   | Acquired a neodymium encabulator {Rampage Acrobat rPois
                  | rCorr Slay+3}
 26240 | Lair:5   | Received a gift from Trog
 27100 | Orc:1    | Found a roughly hewn altar of Beogh.
 27219 | Orc:2    | Entered Level 2 of the Orcish Mines
 27219 | Orc:2    | Found a staircase to the Elven Halls.
 27488 | Orc:2    | Noticed Maurice
 27495 | Orc:2    | Killed Maurice
 27812 | Orc:2    | Reached ****** piety under Trog
 28296 | Orc:2    | Found Napourch's Antique Armour Boutique.
 28320 | Orc:2    | Found Pobir's Book Emporium.
 28441 | Orc:2    | Found Wuist's Magic Scroll Emporium.
 28446 | Orc:2    | Bought a scroll of blinking for 97 gold pieces
 28446 | Orc:2    | Bought a scroll of blinking for 97 gold pieces
 28448 | Orc:2    | Found Abbo's Magic Scroll Boutique.
 28457 | Orc:2    | Bought a scroll of brand weapon for 123 gold pieces
 28714 | D:13     | Reached skill level 16 in Fighting
 28774 | D:13     | Received a gift from Trog
 28775 | D:13     | Found a gate to the Vaults.
 28798 | D:13     | Reached XP level 16. HP: 138/138 MP: 16/16
 28836 | D:13     | Identified the +1 pair of gloves "Bicej" {Dex+2}
 29486 | D:14     | Reached skill level 15 in Armour
 29984 | D:15     | Entered Level 15 of the Dungeon
 30016 | D:15     | Noticed Louise
 30029 | D:15     | Killed Louise
 30300 | D:15     | Found a staircase to the Depths.
 30837 | D:15     | Reached skill level 17 in Fighting
 31147 | D:15     | Received a gift from Trog
 31470 | Swamp:1  | Entered Level 1 of the Swamp
 32924 | Swamp:2  | Noticed a thorn hunter
 32936 | Swamp:2  | Killed a thorn hunter
 33051 | Swamp:2  | Noticed a thorn hunter
 33499 | Swamp:2  | Killed a thorn hunter
 33534 | Swamp:2  | You fall into a shaft and drop 1 floor!
 33549 | Swamp:3  | Reached XP level 17. HP: 50/149 MP: 17/17
 33861 | Swamp:2  | Identified the maw talisman of Lacrelie {rF- Str+3 Int+5}
 33892 | Swamp:2  | Received a gift from Trog
 34019 | Swamp:2  | Reached skill level 18 in Fighting
 34216 | Swamp:3  | Identified the +0 plate armour "Fabrovaq" {+Inv Regen+}
 34245 | Swamp:3  | Identified the +9 war axe "Demonslayer" {drain, Dex+4}
 34741 | Swamp:4  | Entered Level 4 of the Swamp
 35082 | Swamp:4  | Got a decaying rune of Zot
 35795 | Snake:1  | Entered Level 1 of the Snake Pit
 35882 | Snake:1  | Reached skill level 19 in Fighting
 35909 | Snake:1  | Noticed Jorgrun
 35929 | Snake:1  | Killed Jorgrun
 35977 | Snake:1  | Received a gift from Trog
 36918 | Snake:2  | Reached XP level 18. HP: 151/160 MP: 18/18
 38300 | Snake:3  | Received a gift from Trog
 38507 | Snake:3  | Noticed Mlioglotl
 38519 | Snake:3  | Gained mutation: You occasionally lose the ability to read
                  | scrolls when taking damage. [a neqoxec]
 38523 | Snake:3  | Killed Mlioglotl
 38524 | Snake:3  | Reached skill level 20 in Fighting
 38736 | Snake:3  | Noticed Roxanne
 38901 | Snake:3  | Identified the serpent talisman of Distant Shores {Int+5}
 38901 | Snake:3  | Noticed Aizul
 38916 | Snake:3  | Killed Aizul
 39780 | Snake:3  | Killed Roxanne
 39808 | Snake:4  | Entered Level 4 of the Snake Pit
 40044 | Snake:4  | Noticed Bai Suzhen
 40062 | Snake:4  | Killed Bai Suzhen
 40171 | Snake:4  | Noticed Asterion
 40181 | Snake:4  | Killed Asterion
 40403 | Snake:4  | Found a runed translucent door.
 40404 | Snake:4  | Noticed Livid's ghost (adept FoFi)
 40576 | Snake:4  | Received a gift from Trog
 41122 | Snake:4  | Reached XP level 19. HP: 161/171 MP: 19/19
 41403 | Snake:4  | Reached skill level 21 in Fighting
 41631 | Snake:4  | Got a serpentine rune of Zot
 41810 | Snake:4  | Found a glowing golden altar of the Shining One.
 42122 | Vaults:1 | Entered Level 1 of the Vaults
 42597 | Vaults:1 | Noticed Saint Roka
 42614 | Vaults:1 | Killed Saint Roka
 42694 | Vaults:1 | Paralysed by a formless jellyfish for 1 turns
 42743 | Vaults:1 | Found a crumbling gateway.
 42754 | Desolati | Entered the Desolation of Salt
 42804 | Desolati | Received a gift from Trog
 42831 | Desolati | Found the +8 demon blade "Leech" {evervamp, Harm ^Drain
                  | rN+}
 42887 | Desolati | HP: 12/261 [molten gargoyle/+0 mace (10)]
 43019 | Desolati | Identified the ring "Paighucu" {+Blink rPois Will+ Slay-3
                  | Stlth+}
 43034 | Desolati | Identified the ring "Yqydgh" {rF- AC+4 Int+6}
 43212 | Desolati | Reached skill level 22 in Fighting
 43215 | Desolati | Received a gift from Trog
 43363 | Desolati | Identified the +11 dagger "Buteinomp" {freeze, +Blink rF-
                  | Int+3}
 43402 | Desolati | Identified the staff "Yjiakux" {rN+ Necro Fire}
 43428 | Desolati | Reached skill level 1 in Throwing
 43428 | Desolati | Reached XP level 20. HP: 182/182 MP: 20/20
 43664 | Desolati | Identified the +5 sling of Context {heavy, rElec Str-3
                  | Dex+5}
 44133 | Vaults:1 | Received a gift from Trog
 44608 | Vaults:1 | Reached skill level 5 in Throwing
 44719 | Vaults:1 | Found the +3 Mad Mage's Maulers {Infuse+∞ VampMP -Cast}
 45654 | Vaults:2 | Received a gift from Trog
 45672 | Vaults:1 | Upgraded the game from 0.32-a0-931-g5a2cda0630 to
                  | 0.32-a0-933-ga8fa3634e4
 45673 | Vaults:1 | HP: 1/182 [war gargoyle/+2 dire flail of venom[a
                  | peacekeeper] (29)]
 45674 | Vaults:1 | Killed from afar by a war gargoyle

Illustrated notes

Levels and vault maps discovered:
D:1:      kennysheep_arrival_seaside, layout_basic,
          chequers_ecumenical_altar_twisty
D:2:      layout_loops_corners, uniq_terence, uniq_natasha, uniq_robin
D:3:      layout_basic, bloody_makhleb, serial_shops, nicolae_shop_dealshenge,
          minmay_lizard_king
D:4:      layout_loops_cross, kennysheep_vampire_church, grunt_gozag_statues,
          minmay_temple_entry_mini_moons, corexii_checkpoint,
          minmay_quadrilaterals
D:5:      layout_layer_cave, serial_shops, nicolae_shop_hallway_plus
D:6:      layout_cave_pods, mainiacjoe_overflow_large_starburst,
          serial_column_ruins, column_ruins_hut_ruined, column_ruins_grid_5,
          column_ruins_grid_1, column_ruins_columns_corner, column_ruins_grid_1,
          uniq_eustachio
D:7:      layout_layer_cave, grunt_dithmenos_shadows, dreamdust_wishing_well
D:8:      layout_cave_pools
D:9:      cheibrodos_ideogram_h, layout_cave_pools, kennysheep_little_box,
          david_orc_3, uniq_prince_ribbit1
D:10:     layout_rooms, minmay_lair_entry_grove, serial_shops,
          nicolae_shop_mannequins, grunt_decor_clamped,
          small_chamber_with_monster, uniq_erica, uniq_psyche
D:11:     layout_basic, uniq_sonja
D:12:     layout_roguey, grunt_ogre_cave, drop_trap
D:13:     minmay_ornate_pinched, layout_long_grid, grunt_vaults_entry_tiered,
          gauntlet_entry_generic, hangedman_ru_absence, uniq_urug
D:14:     layout_small_grid, uniq_agnes
D:15:     hangedman_depths_entry_civil_slaughter, layout_gridville,
          minmay_crystal_room, uniq_louise
Lair:1:   layout_gridlike, grunt_forest_large_clearings, lemuel_fruit_tree,
          lemuel_fruit_fields
Lair:2:   layout_gridlike, alex1729_swamp_entry_worm_eleionoma, worms_lemuel
Lair:3:   layout_cave_pods, minmay_snake_entry_guardpost_small
Lair:4:   layout_gridlike, nicolae_slime_entry_field_trip, hibernation_bobbens,
          grunt_megastairs_2, infiniplex_staircase_pool_2
Lair:5:   wormcave, layout_hall_layers, hangedman_lair_caniforms_friends,
          nzn_masters_of_martial_movement, lemuel_fruit_fields, uniq_josephine
Swamp:1:  layout_falls_marsh, evilmike_swamp_ruin_house_5
Swamp:2:  layout_basic_swamp, hangedman_swamp_cone
Swamp:3:  layout_basic_swamp, evilmike_swamp_ruin_house_3, swamp_pool_1_2
Swamp:4:  swamp, layout_basic_swamp, swamp_pool_1_2, nicolae_swamp_long_stream
Snake:1:  layout_grid_shapes, special_room, uniq_jorgrun
Snake:2:  layout_basic
Snake:3:  layout_grid_maze, grunt_ministairs_3, uniq_mlioglotl, uniq_aizul,
          uniq_roxanne
Snake:4:  snake_pit, layout_cave_town, basic_altar, gammafunk_ghost_grave,
          uniq_asterion, uniq_bai_suzhen
Orc:1:    layout_diamond_mine, nicolae_orc_seminary
Orc:2:    st_orc_elflike, layout_diamond_mine, uniq_maurice
Vaults:1: portal_desolation_entry_garden, nicolae_vaults_trapezoid_4,
          nicolae_vaults_shipping_containers_6, v_misc_32, v_misc_28,
          nicolae_vaults_sealed_display, vaults_room_pool, vaults_dpeg_ring,
          vaults_room_grunt_arrival_ludios, nicolae_vaults_network_square,
          layout_vaults_omnigrid, uniq_saint_roka
Vaults:2: nicolae_vaults_hexular_roomagon, hangedman_vaults_hat,
          vaults_standard_mumra_enter_the_diamond, nicolae_vaults_double_plus_2,
          st_octagons_1, lightli_orcish_oven,
          nicolae_vaults_trapezoid_lopsided_4, nicolae_vaults_little_squares_3,
          nicolae_vaults_layer_cake_slice, vaults_room_corners,
          vaults_dpeg_encased_lava, nicolae_vaults_trapezoid_2,
          hangedman_vaults_stretched_pinwheel, nicolae_vaults_little_squares_3,
          layout_vaults_big_cross, serial_shops, nicolae_shop_rolling_square,
          shop

Skill      XL: |  1  2  3  4  5  6  7  8  9 10 11 12 13 14 15 16 17 18 19 20 |
---------------+-------------------------------------------------------------+-----
Armour         | 2 3 5 8 10 13 14 16 17 19 20 | 20.4
Dodging        | 2 |  2.9
Polearms       | 3 4 5 7 9 12 14 | 14.0
Fighting       | 4 6 9 12 14 16 17 19 20 22 | 22.1
Evocations     | 5 11 13 | 13.9
Throwing       | 1 6 |  6.1

Action                     |  1- 3 |  4- 6 |  7- 9 | 10-12 | 13-15 | 16-18 | 19-21 || total
---------------------------+-------+-------+-------+-------+-------+-------+-------++-------
  Melee: Spear             |    74 |    97 |       |       |       |       |       ||   171
         Dagger            |    22 |    42 |       |       |       |       |       ||    64
         Mace              |    26 |    20 |       |       |       |       |       ||    46
         Trident           |       |    77 |   363 |   768 |  1609 |   920 |       ||  3737
         Whip              |       |    40 |    59 |       |       |       |       ||    99
         Demon trident     |       |       |       |       |   351 |  1041 |  1088 ||  2480
 Invoke: Berserk           |       |     3 |     2 |     7 |     4 |     4 |     2 ||    22
         Trog's Hand       |       |       |       |     2 |     6 |     7 |     3 ||    18
         Brothers in Arms  |       |       |       |     2 |     1 |     3 |       ||     6
Ability: Invent Gizmo      |       |       |       |       |     1 |       |       ||     1
  Evoke: Wand              |       |       |       |    17 |    12 |     7 |     3 ||    39
         Box of beasts     |       |       |       |     2 |       |     2 |       ||     4
         Lightning rod     |       |       |       |       |     4 |       |       ||     4
         Phantom mirror    |       |       |       |       |       |     1 |       ||     1
    Use: Scroll            |       |     4 |     8 |     8 |    16 |     9 |     4 ||    49
         Potion            |       |       |       |     6 |     2 |     9 |     1 ||    18
   Stab: Sleeping          |     3 |       |       |       |       |       |       ||     3
         Confused          |       |       |       |     8 |    10 |       |       ||    18
         Petrifying        |       |       |       |     3 |     1 |       |       ||     4
         Paralysed         |       |       |       |     1 |     4 |       |       ||     5
         Held in net/web   |       |       |       |       |     2 |       |       ||     2
         Petrified         |       |       |       |       |     4 |       |       ||     4
 Armour: Animal skin       |    34 |    58 |       |       |       |       |       ||    92
         Plate armour      |       |       |   174 |   396 |   722 |   964 |   498 ||  2754
  Dodge: Dodged            |    20 |    63 |    41 |   123 |   260 |   473 |   257 ||  1237

Table legend: (Time is in decaauts)
 A = Elapsed time spent in this place.
 B = Non-inter-level travel time spent in this place.
 C = Inter-level travel time spent in this place.
 D = Time resting spent in this place.
 E = Time spent auto-exploring this place.
 F = Levels seen in this place.
 G = Mean time per level.
                   A        B        C        D        E       F      G
               +--------+--------+--------+--------+--------+-----+--------+
         Total |  44936 |  42636 |   2300 |   5718 |  29860 |  34 | 1321.6 |
       Dungeon |  20876 |  19504 |   1372 |   2409 |  14374 |  15 | 1391.7 |
          Lair |   8215 |   7694 |    521 |    819 |   5920 |   5 | 1643.0 |
         Swamp |   4189 |   4047 |    142 |   1099 |   2170 |   4 | 1047.2 |
     Snake Pit |   5932 |   5817 |    115 |    405 |   4370 |   4 | 1483.0 |
  Orcish Mines |   1744 |   1664 |     80 |    328 |   1127 |   2 |  872.0 |
        Vaults |   2095 |   2028 |     67 |    228 |   1123 |   2 | 1047.5 |
    Desolation |   1259 |   1259 |      0 |    160 |    594 |   1 | 1259.0 |
      Gauntlet |    622 |    622 |      0 |    269 |    182 |   1 |  622.0 |
               +--------+--------+--------+--------+--------+-----+--------+

Top non-repeatable levels by time:
     D:8: 2209 daAuts
Vaults:1: 2049 daAuts
     D:5: 1979 daAuts
  Lair:2: 1893 daAuts
     D:9: 1857 daAuts
 Snake:4: 1851 daAuts
 Snake:3: 1828 daAuts
    D:13: 1720 daAuts
 Swamp:1: 1644 daAuts
  Lair:4: 1612 daAuts
  Lair:5: 1611 daAuts
     D:7: 1580 daAuts
  Lair:1: 1567 daAuts
  Lair:3: 1530 daAuts
     D:2: 1379 daAuts
